 Dungeon Crawl Stone Soup version 0.27-a0-333-gfa571bf19a (webtiles) character file.

Game seed: 8284165044944530788

593 ReteAZ the Covert (level 7, -4/45 HPs)
             Began as an Octopode Brigand on Feb 12, 2021.
             Slain by a sky beast (5 damage)
             ... on level 4 of the Dungeon.
             The game lasted 00:03:29 (3602 turns).

ReteAZ the Covert (Octopode Brigand)                Turns: 3602, Time: 00:03:30

Health: -4/45      AC:  1    Str: 10    XL:     7   Next: 39%
Magic:  7/7        EV: 17    Int: 13    God:
Gold:   208        SH:  0    Dex: 22    Spells: 6/6 levels left

rFire    . . .     SeeInvis .   a - +2 dagger
rCold    . . .     Faith    .   (no shield)
rNeg     . . .     Spirit   .   (helmet restricted)
rPois    .         Reflect  .   (no amulet)
rElec    .         Harm     .   r - +6 ring of dexterity
rCorr    .         Rampage  .   (no ring)
Will     .....                  (no ring)
Stlth    ++++++....             (no ring)
HPRegen  0.15/turn              (no ring)
MPRegen  0.10/turn              (no ring)
                                (no ring)
                                (no ring)

@: no status effects
A: almost no armour, stealthy swim, amphibious, 8 rings, constrict 8, camouflage
1, gelatinous body 1
a: no special abilities


You were on level 4 of the Dungeon.
You visited 1 branch of the dungeon, and saw 4 of its levels.

You collected 208 gold pieces.

Inventory:

Hand Weapons
 a - a +2 dagger (weapon)
Missiles
 b - 8 poisoned darts (quivered)
 c - a curare-tipped dart
Armour
 i - a +0 kite shield
Jewellery
 r - a +6 ring of dexterity (left tentacle)
Scrolls
 d - 2 scrolls of enchant weapon {unknown}
 g - a scroll of immolation {unknown}
 h - a scroll of magic mapping {unknown}
 j - 7 scrolls of identify {unknown}
 n - a scroll of amnesia {unknown}
 q - a scroll of teleportation {unknown}
Potions
 e - 2 potions of degeneration {unknown}
 f - a potion of mutation {unknown}
 k - a potion of flight {unknown}
 l - 2 potions of lignification {unknown}
 m - a potion of berserk rage {unknown}
 o - a potion of haste {unknown}
 p - 2 potions of resistance {unknown}
 s - a potion of attraction {unknown}


   Skills:
 - Level 2.0 Fighting
 - Level 2.0 Short Blades
 - Level 2.0 Throwing
 + Level 4.5 Dodging
 * Level 10.3 Stealth


You had 6 spell levels left.
You didn't know any spells.
Your spell library was empty.

Dungeon Overview and Level Annotations

Branches:
Dungeon (4/15)
 Temple: D:4-7

Altars:
Cheibriados
Xom


Innate Abilities, Weirdness & Mutations

You cannot wear most types of armour.
You are very stealthy in the water. (Stealth+)
You are amphibious.
You can wear up to eight rings at the same time.
You can use your tentacles to constrict eight enemies at once.
Your skin changes colour to match your surroundings (Stealth+).
Your rubbery body absorbs attacks. (AC +1, EV +1)


Message History

Things that are here:
a +0 whip; a gnoll corpse You barely miss the sky beast.
You squeeze the sky beast!
The sky beast is moderately wounded.
The sky beast closely misses you.
You hit the sky beast but do no damage.
The sky beast is moderately wounded.
The sky beast hits you. The sky beast shocks you.
You are too injured to fight recklessly!
You are too injured to fight recklessly!
You are too injured to fight recklessly!
You are too injured to fight recklessly!
You hit the sky beast.
The sky beast is heavily wounded.
The sky beast barely misses you.
You closely miss the sky beast.
The sky beast is heavily wounded.
The sky beast closely misses you.
You hit the sky beast.
The sky beast is heavily wounded.
The sky beast hits you. The sky beast shocks you.
* * * LOW HITPOINT WARNING * * *
You hit the sky beast.
The sky beast is heavily wounded.
You barely miss the sky beast.
The sky beast is heavily wounded.
The sky beast hits you.
* * * LOW HITPOINT WARNING * * *
The sky beast shocks you.
* * * LOW HITPOINT WARNING * * *
You aren't carrying any items that you can evoke.
Throw: 2 darts (curare)
Press: ? - help, Shift-Dir - straight line, f - sky beast
Aim: a sky beast (heavily wounded, 56% to hit)
You throw a curare-tipped dart.
The curare-tipped dart barely misses the sky beast.
The sky beast hits you.
* * * LOW HITPOINT WARNING * * *
The sky beast shocks you.
You die...

##### #...# #####
#######...# #....
#.........# #....
#.........# #....
#.........# #....
#..)......####....
#.................
#####@.......##.......
#...Y........###......
#............# #......
##.......###.##
#...... ##≈.#######
#.# ≈...≈≈.
##.≈....$?# #$.
≈≈..≈s.≈
########..≈≈...#.<
#..#≈≈..≈..≈
.[>.....(.≈....... ⌠
##.g.......≈......


You could see a sky beast.

Vanquished Creatures
  Grinder (D:3)
  A phantom (D:4)
  A hound (D:4)
  An orc priest (D:3)
  An orc wizard (D:4)
  A worker ant (D:4)
  6 gnolls
  5 adders
  An ooze (D:4)
  2 worms
  4 dart slugs (D:1)
  2 leopard geckos
  6 orcs
  8 bats
  4 giant cockroaches
  9 goblins
  4 hobgoblins
  10 jackals
  2 quokkas
  5 frilled lizards
  8 kobolds
  5 rats
87 creatures vanquished.

Notes
Turn   | Place    | Note
-------+----------+-------------------------------------------
     0 | D:1      | ReteAZ the Octopode Brigand began the quest for the Orb.
     0 | D:1      | Reached XP level 1. HP: 14/14 MP: 1/1
   106 | D:1      | Reached XP level 2. HP: 19/19 MP: 2/2
   130 | D:1      | Found a shimmering altar of Xom.
   467 | D:1      | Reached skill level 6 in Stealth
   519 | D:1      | Reached XP level 3. HP: 24/24 MP: 3/3
  1123 | D:2      | Found a snail-covered altar of Cheibriados.
  1135 | D:2      | Reached XP level 4. HP: 19/29 MP: 4/4
  1362 | D:2      | Reached skill level 7 in Stealth
  1939 | D:3      | Noticed Grinder
  1943 | D:3      | Killed Grinder
  1944 | D:3      | Reached skill level 8 in Stealth
  1944 | D:3      | Reached XP level 5. HP: 17/34 MP: 5/5
  1944 | D:3      | Reached XP level 6. HP: 20/39 MP: 6/6
  2117 | D:3      | Reached skill level 9 in Stealth
  2999 | D:4      | Reached XP level 7. HP: 11/45 MP: 7/7
  3271 | D:4      | Reached skill level 10 in Stealth
  3602 | D:4      | HP: 1/45 [sky beast (4)]
  3602 | D:4      | Slain by a sky beast

Illustrated notes

Levels and vault maps discovered:
D:1:      dpeg_arrival_renting, layout_basic, minmay_misc_feat_doors,
          minmay_misc_feat_four_crosses, chequers_jeans, xom_teletrap_fun
D:2:      layout_loops_ring, nicolae_overflow_crystal_walls,
          kennysheep_generic_room_12
D:3:      layout_basic, uniq_grinder
D:4:      cheibrodos_helix_gallery, layout_basic,
          gammafunk_temple_overflow_claw, lemuel_round_altar,
          chequers_serial_rivers_micro_c

Skill      XL: |  1  2  3  4  5  6  7 |
---------------+----------------------+-----
Stealth        | 6 8 9 10 | 10.3
Dodging        | 2 3 4 |  4.5
Fighting       | |  2.0
Short Blades   | |  2.0
Throwing       | |  2.0

Action                   |  1- 3 |  4- 6 |  7- 9 || total
-------------------------+-------+-------+-------++-------
Melee: Dagger            |    50 |    95 |    41 ||   186
       Constrict         |     9 |    24 |     8 ||    41
       Tentacles         |     4 |    20 |    12 ||    36
Throw: Dart              |       |       |     2 ||     2
 Stab: Sleeping          |    16 |    15 |     3 ||    34
Armor: Skin              |     1 |     3 |     4 ||     8
Dodge: Dodged            |    19 |    57 |    21 ||    97

Table legend: (Time is in decaauts)
 A = Elapsed time spent in this place.
 B = Non-inter-level travel time spent in this place.
 C = Inter-level travel time spent in this place.
 D = Time resting spent in this place.
 E = Time spent auto-exploring this place.
 F = Levels seen in this place.
 G = Mean time per level.
                   A        B        C        D        E       F      G
               +--------+--------+--------+--------+--------+-----+--------+
         Total |   3582 |   3444 |    138 |    419 |   2432 |   4 |  895.5 |
       Dungeon |   3582 |   3444 |    138 |    419 |   2432 |   4 |  895.5 |
               +--------+--------+--------+--------+--------+-----+--------+

Top non-repeatable levels by time:
     D:2: 1111 daAuts
     D:1: 969 daAuts
     D:3: 878 daAuts
     D:4: 623 daAuts
